 Dungeon Crawl Stone Soup version 0.19-a0-1185-gacb3972 (webtiles) character file.

325 Gorice the Slicer (level 6, -14/32 HPs)
             Began as a Kobold Enchanter on Aug 18, 2016.
             Killed from afar by sergedm's ghost (26 damage)
             ... with an orb of energy
             ... on level 4 of the Dungeon.
             The game lasted 00:11:26 (2760 turns).

Gorice the Slicer (Kobold Enchanter)                Turns: 2760, Time: 00:11:27

Health: -14/32     AC: 12    Str:  8    XL:     6   Next: 78%
Magic:  18/18      EV: 11    Int: 13    God:
Gold:   196        SH:  0    Dex: 17    Spells: 1 memorised, 8 levels left

rFire  + . .     SeeInvis .     a - +1 short sword
rCold  . . .     Gourm    .     t - +2 scale mail {rF+}
rNeg   . . .     Faith    .     (shield restricted)
rPois  .         Spirit   .     h - +0 helmet
rElec  .         Dismiss  .     (no cloak)
rCorr  .         Reflect  .     r - +0 pair of gloves
MR     .....     Harm     .     D - +0 pair of boots
Stlth  ++........               j - amulet of regeneration
                                (no ring)
                                g - ring of magical power

@: lethally poisoned (-14 -> -15)
A: carnivore 3
a: no special abilities


You were on level 4 of the Dungeon.
You were very full.

You visited 1 branch of the dungeon, and saw 4 of its levels.

You collected 196 gold pieces.

Inventory:

Hand Weapons
 a - a +1 short sword (weapon)
 b - a +1 dagger
Missiles
 f - 8 needles of sleeping
 q - 14 tomahawks (quivered)
 u - 29 poisoned needles
 Z - 59 stones
Armour
 e - a +0 ring mail
 h - a +0 helmet (worn)
 r - a +0 pair of gloves (worn)
 t - a +2 scale mail of fire resistance (worn)
   (You took it off Terence on level 2 of the Dungeon)
 D - a +0 pair of boots (worn)
 E - a cursed +0 leather armour
Jewellery
 g - a ring of magical power (left hand)
 j - an amulet of regeneration (around neck)
Wands
 A - a wand of disintegration (13/24)
Scrolls
 w - a scroll of magic mapping {unknown}
 x - 3 scrolls of enchant armour {unknown}
 y - a scroll of remove curse
 C - 2 scrolls of fear {!r}
Potions
 i - 2 potions of invisibility {!q}
 m - a potion of magic {!q}
 n - a potion of agility {!q}
 p - 3 potions of heal wounds {!q}
 s - a potion of haste {!q}
 v - a potion of brilliance {unknown}
 z - a potion of curing {unknown}
 B - a potion of degeneration {unknown}
Books
 c - a book of Maledictions
Comestibles
 d - a meat ration {!e}
 k - a slice of pizza
 l - 3 beef jerkies
 o - 5 chunks of flesh


   Skills:
 + Level 10.9 Short Blades
 + Level 4.6 Armour
 - Level 2.4 Dodging
 - Level 4.0 Stealth
 - Level 2.0 Spellcasting
 - Level 3.0 Hexes


You had 8 spell levels left.
You knew the following spells:

 Your Spells              Type           Power        Failure   Level  Hunger
a - Corona                Hex            #......      63%         1    ##.....


Dungeon Overview and Level Annotations

Branches:
Dungeon (4/15)
 Temple: D:4-7

Altars:
Ru
Vehumet
The Shining One

Annotations:
D:4 sergedm's ghost, amateur DECj


Innate Abilities, Weirdness & Mutations

You are small and have problems with some larger weapons.
You are carnivorous and can eat meat at any time.


Message History

The adder poisons you!
Damage: 5 (max 5)
Your scale mail prevents you from hitting the adder.
The adder is lightly wounded.
The adder bites you.
Damage: 4 (max 5)
You closely miss the adder.
The adder is lightly wounded.
You feel sick.
You hit the adder.
The adder is moderately wounded.
The adder closely misses you.
You hit the adder.
The adder is severely wounded.
You feel sick. The adder closely misses you.
Damage: 1 (max 5)
You hit the adder.
You kill the adder!
Sergedm's ghost (amateur Deep Elf Conjurer) comes into view.
You feel sick.
Sergedm's ghost turns its malevolent gaze towards you.
Sergedm's ghost points at you and mumbles some strange words.
The orb of energy hits you!
* * * LOW HITPOINT WARNING * * *
The orb of energy explodes!
Damage: 9 (max 9)
You feel sick.
Damage: 1 (max 9)
You see here a ring mail.
You feel sick.
Damage: 1 (max 9) Evoke which item? (* to show all) (? for menu, Esc to quit)
Zapping:
A - a wand of disintegration (will waste charges)
Press: ? - help, Shift-Dir - straight line, f - sergedm's ghost
Aim: sergedm's ghost (chance to defeat MR: 48%)
Okay, then.
Press: ? - help, v - describe, . - travel, g - get item
Here: sergedm's ghost A ring mail.
The floor.
You feel sick.
You see here 21 arrows.
Damage: 1 (max 1)
You feel sick.
Damage: 1 (max 1) Sergedm's ghost shrieks, "What do you have that I didn't have?"
Sergedm's ghost gestures at you while chanting.
The orb of energy hits you!
Ouch! That really hurt!
You die...

#........#......##
####....##........
######.......##.....
#........######.....
#.#.###'##### #.....
#.#.##......# #.....
#.#.##......# #.....
#..?........# ######
#..@####...##
#...##/[...#
#(..##.#...#
#...W..##W##
#########'# ...
..... #......
#.......


You could see sergedm's ghost.

Vanquished Creatures
  Terence (D:2)
  3 iguanas (D:4)
  A worker ant (D:4)
  4 gnolls
  4 adders
  An ooze (D:3)
  A worm (D:3)
  2 giant geckos
  4 orcs
  12 giant cockroaches
  6 goblins
  9 hobgoblins
  4 jackals
  12 kobolds
  3 quokkas
  A ball python (D:3)
  5 bats
  3 giant newts
  A quokka skeleton (D:4)
  11 rats
88 creatures vanquished.

Notes
Turn   | Place    | Note
-------+----------+-------------------------------------------
     0 | D:1      | Gorice the Kobold Enchanter began the quest for the Orb.
     0 | D:1      | Reached XP level 1. HP: 10/10 MP: 3/3
    55 | D:1      | Reached skill level 2 in Short Blades
   195 | D:1      | Reached XP level 2. HP: 13/15 MP: 5/5
   408 | D:1      | Reached skill level 3 in Short Blades
   546 | D:1      | Reached skill level 10 in Short Blades
   546 | D:1      | Reached skill level 4 in Armour
   546 | D:1      | Reached XP level 3. HP: 19/19 MP: 6/6
   647 | D:2      | Found a radiant altar of Vehumet.
   672 | D:2      | Reached XP level 4. HP: 24/24 MP: 7/7
  1028 | D:2      | Noticed Terence
  1053 | D:2      | Killed Terence
  1094 | D:2      | Found a glowing golden altar of the Shining One.
  1095 | D:2      | Found a sacrificial altar of Ru.
  1123 | D:2      | Reached XP level 5. HP: 28/28 MP: 8/8
  2158 | D:3      | Reached XP level 6. HP: 20/32 MP: 9/9
  2752 | D:4      | Noticed sergedm's ghost (amateur DECj)
  2760 | D:4      | Killed from afar by sergedm's ghost

Vault maps used:
D:1:      lightli_arrival_chessboard
D:2:      marbit_many_paths, grunt_temple_overflow_open, uniq_terence

Skill      XL: |  1  2 |
---------------+-------+-----
Short Blades   | 2 10 | 10.9
Armour         | 4 |  4.6
Dodging        | |  2.4
Stealth        | |  4.0
Spellcasting   | |  2.0
Hexes          | |  3.0

Action                   |  1- 3 |  4- 6 || total
-------------------------+-------+-------++-------
Melee: Dagger            |    42 |       ||    42
       Short sword       |    24 |   348 ||   372
Throw: Tomahawk          |       |     7 ||     7
  Use: Scroll            |     5 |     8 ||    13
       Potion            |     1 |       ||     1
 Stab: Sleeping          |     5 |     5 ||    10
       Distracted        |       |     1 ||     1
  Eat: Chunk             |     8 |     6 ||    14
Armor: Ring mail         |    16 |    21 ||    37
       Scale mail        |       |    78 ||    78
Dodge: Dodged            |    30 |   111 ||   141

Table legend:
 A = Turns spent in this place as a percentage of turns spent in the entire game.
 B = Non-inter-level travel turns spent in this place as a percentage of non-inter-level travel turns spent in the entire game.
 C = Inter-level travel turns spent in this place as a percentage of turns spent in this place.
 D = Turns resting spent in this place as a percentage of non-inter-level travel turns spent in this place.
 E = Turns spent auto-exploring this place as a percentage of non-inter-level travel turns spent in this place.
 F = Non-inter-level travel turns spent in this place divided by the number of levels of this place that you've seen.
                   A       B       C       D       E      F
               +-------+-------+-------+-------+-------+----------------------
         Total | 100.0 | 100.0 |   0.4 |   0.9 |   5.9 | 325.2
       Dungeon | 100.0 | 100.0 |   0.4 |   0.9 |   5.9 | 325.2
               +-------+-------+-------+-------+-------+----------------------

Vault maps used:
D:1:      lightli_arrival_chessboard
D:2:      marbit_many_paths, grunt_temple_overflow_open, uniq_terence
